 Dungeon Crawl Stone Soup version 0.29.1 (webtiles) character file.

Game seed: 4682526032381518511

2343 Iusername the Carver (level 9, -1/65 (79) HPs)
             Began as a Minotaur Fighter on Sept 13, 2022.
             Was a Believer of Ashenzari.
             Slain by Duvessa
             ... wielding a +2 short sword of flaming
              (8 damage)
             ... on level 7 of the Dungeon.
             The game lasted 00:19:17 (7045 turns).

Iusername the Carver (Minotaur Fighter)             Turns: 7045, Time: 00:19:19

HP:   -1/65 (79)    AC: 16    Str: 24    XL:     9   Next: 20%
MP:   8/8           EV: 11    Int:  7    God:    Ashenzari [**....]
Gold: 368           SH:  5    Dex:  9    Spells: 8/8 levels left

rFire   . . .      SeeInvis +   a - +1 long sword of the Prophetic Omen {freeze, Fort, Range} (curse)
rCold   . . .      Faith    .   c - +0 buckler
rNeg    . . .      Spirit   .   q - +0 plate armour of the Ensconced Sky {Fort, Bglg} (curse)
rPois   .          Reflect  .   (helmet restricted)
rElec   .          Harm     .   v - +0 cloak "Tethered Prison" {Elem, Fort} (curse)
rCorr   .          Rampage  .   (no gloves)
Will    .....                   (no boots)
Stlth   ..........              (no amulet)
HPRegen 0.20/turn               n - +4 ring of evasion
MPRegen 0.11/turn               (no ring)

@: heavily drained, invisible
A: horns 2, retaliatory headbutt
a: Renounce Religion, Shatter the Chains


You were on level 7 of the Dungeon.
You worshipped Ashenzari.
Ashenzari was pleased with you.
You visited 1 branch of the dungeon, and saw 7 of its levels.
You visited the Abyss 1 time.

You collected 368 gold pieces.

Inventory:

Hand Weapons
 a - the cursed +1 long sword of the Prophetic Omen (weapon) {freeze, Fort, Range}

   It freezes those it strikes, dealing additional cold damage.
   It can also slow down cold-blooded creatures.
   It has a curse which improves the following skills: Fortitude: Armour and
   Shields.
   Ranged Combat: Ranged Weapons and Throwing.
Armour
 c - a +0 buckler (worn)
 q - the cursed +0 plate armour of the Ensconced Sky (worn) {Fort, Bglg}
   (You found it on level 2 of the Dungeon)

   It has a curse which improves the following skills: Fortitude: Armour and
   Shields.
   Beguiling: Conjurations, Hexes and Translocations.
 v - the cursed +0 cloak "Tethered Prison" (worn) {Elem, Fort}
   (You took it off Crazy Yiuf on level 3 of the Dungeon)

   It has a curse which improves the following skills: Elements: Fire Magic, Ice
   Magic, Air Magic and Earth Magic.
   Fortitude: Armour and Shields.
Jewellery
 k - a ring of poison resistance
 n - a +4 ring of evasion (left hand)
 p - a ring of ice
Wands
 u - a wand of paralysis (5) (quivered)
Scrolls
 b - 2 scrolls of teleportation
 g - a scroll of poison
 h - 2 scrolls of amnesia
 l - 3 scrolls of blinking
 m - 2 scrolls of fog
 o - a scroll of torment
 r - 2 scrolls of summoning
 t - 2 scrolls of vulnerability
 w - 2 scrolls of noise
 y - a scroll of silence
Potions
 d - 2 potions of mutation
 i - a potion of degeneration
 s - 5 potions of curing
 x - a potion of brilliance
 z - 2 potions of ambrosia
 A - a potion of resistance
 B - a potion of haste


   Skills:
 + Level 7.2 Fighting
 + Level 9.4 Long Blades
 + Level 7.9(10.5) Armour
 + Level 1.8 Dodging
 + Level 2.7 Stealth
 + Level 5.9(8.4) Shields
 + Level 1.1 Evocations


You had 8 spell levels left.
You didn't know any spells.
Your spell library contained the following spells:

 Spells                   Type           Power      Damage    Failure   Level
 Ensorcelled Hibernation  Hex/Ice        0%         N/A       100%        2
 Dazzling Flash           Conj/Hex       0%         N/A       100%        3
 Spider Form              Tmut/Pois      0%         N/A       100%        3
 Anguish                  Hex/Necr       0%         N/A       100%        4
 Summon Ice Beast         Ice/Summ       0%         N/A       100%        4
 Agony                    Necr           0%         N/A       100%        5
 Silence                  Hex/Air        0%         N/A       100%        5
 Summon Mana Viper        Hex/Summ       0%         N/A       100%        5
 Monstrous Menagerie      Summ           0%         N/A       100%        7


Dungeon Overview and Level Annotations

Branches:
Dungeon (7/15)             Temple (0/1) D:6

Altars:
Ashenzari
Elyvilon
Gozag
Nemelex Xobeh
Vehumet
Wu Jian
Zin

Shops:
D:1 =!   D:2 [:*([   D:5 =

Annotations:
D:6 exclusion: statue
D:7 Dowan, Duvessa


Innate Abilities, Weirdness & Mutations

You have a pair of horns on your head.
You reflexively headbutt those who attack you in melee.


Message History

Duvessa is severely wounded.
The wight hits you but does no damage. x2; The wight misses you.
Duvessa hits you but does no damage. The wight hits you with a +0 mace.
You feel drained.
You closely miss Duvessa.
Duvessa is severely wounded.
The wight hits you but does no damage. The wight closely misses you.
You furiously retaliate!
You headbutt the wight, but do no damage.
The wight hits you with a +0 mace. You block the wight's attack.
Dowan mumbles some strange words.
Dowan blinks!
Duvessa hits you but does no damage.
You feel much better. The wight hits you with a +0 hand axe.
You feel drained. The wight barely misses you. The wight closely misses you.
You block the wight's attack. Duvessa hits you but does no damage.
You barely miss Duvessa.
Duvessa is severely wounded.
The wight hits you but does no damage. You block the wight's attack.
Duvessa hits you with a +2 short sword of flaming.
Duvessa burns you.
The wight hits you but does no damage. x2
You hit Duvessa. You freeze Duvessa.
Duvessa is almost dead.
The wight completely misses you. The wight hits you but does no damage.
The wight closely misses you. You block the wight's attack.
Duvessa barely misses you. You furiously retaliate!
You headbutt Duvessa. You closely miss Duvessa.
Duvessa is almost dead.
The wight hits you but does no damage. x3; The wight hits you with a +0 flail!
You feel drained. You block Dowan's attack.
Duvessa hits you with a +2 short sword of flaming!
* * * LOW HITPOINT WARNING * * *
Duvessa burns you.
* * * LOW HITPOINT WARNING * * *
You fade into invisibility!
The wight hits you with a +0 hand axe.
* * * LOW HITPOINT WARNING * * *
The wight hits you with a +0 flail.
* * * LOW HITPOINT WARNING * * *
Duvessa hits you with a +2 short sword of flaming!
You die...

, , , ......#...
, , #......... *
* #........#
*#........#*
.##........
..........## ,
.#..#...e..#
........z@e#* ,
.......[zzz#, , ,
...##......# ,
..##......#
...........#
.......[.?.# *
......####.......
...... *##...##
,...... *.#.>. <


You could see Duvessa (unable to see you), Dowan (unable to see you) and 4
wights.

Vanquished Creatures
  Pikel (D:7)
  A large abomination (Abyss:1)
  Menkaure (D:4)
  A water moccasin (D:7)
  A sky beast (D:6)
  An orc warrior (D:6)
  A black bear (D:5)
  A centaur (D:5)
  2 lemures (D:7)
  A phantom (D:5)
  A necrophage (D:4)
  A scorpion (D:4)
  A wight (D:7)
  2 howler monkeys (D:5)
  6 hounds
  Crazy Yiuf (D:3)
  3 orc priests (D:6)
  Ijyb (D:4)
  4 iguanas
  5 orc wizards
  6 adders
  A shadow imp (D:6)
  A white imp (D:6)
  An ufetubus (D:4)
  3 worms
  2 dart slugs
  11 orcs
  4 ball pythons
  6 bats
  6 endoplasms
  2 giant cockroaches (D:2)
  7 hobgoblins
  9 kobolds
  A quokka (D:4)
  2 frilled lizards
  5 goblins
  7 rats
110 creatures vanquished.

Notes
Turn   | Place    | Note
-------+----------+-------------------------------------------
     0 | D:1      | Iusername the Minotaur Fighter began the quest for the Orb.
     0 | D:1      | Reached XP level 1. HP: 19/19 MP: 0/0
    84 | D:1      | Found Cynomee's Jewellery Shoppe.
   260 | D:1      | Found Gecuz's Distillery.
   482 | D:1      | Reached XP level 2. HP: 27/27 MP: 1/1
   800 | D:2      | Found Katzatuc's Assorted Antiques.
  1167 | D:2      | Reached XP level 3. HP: 29/33 MP: 2/2
  1212 | D:2      | Found Iqous's Antique Armour Emporium.
  1351 | D:2      | Found Moicatak's Book Shop.
  1500 | D:2      | Found Foban's Weapon Shoppe.
  1529 | D:2      | Reached skill level 3 in Long Blades
  1536 | D:2      | Found Voerr's Antique Armour Boutique.
  1757 | D:3      | Reached XP level 4. HP: 41/41 MP: 3/3
  1830 | D:3      | Found a runed translucent door.
  1831 | D:3      | Noticed Crazy Yiuf
  1839 | D:3      | Killed Crazy Yiuf
  1840 | D:3      | Reached XP level 5. HP: 26/47 MP: 1/4
  2030 | D:3      | Reached skill level 4 in Long Blades
  2409 | D:3      | Found a sparkling altar of Nemelex Xobeh.
  2590 | D:4      | Found a broken altar of Ashenzari.
  2595 | D:4      | Found an ornate altar of the Wu Jian Council.
  2614 | D:4      | Reached skill level 5 in Armour
  2625 | D:4      | Reached skill level 5 in Fighting
  2625 | D:4      | Reached skill level 5 in Long Blades
  2625 | D:4      | Reached XP level 6. HP: 41/56 MP: 5/5
  2804 | D:4      | Became a worshipper of Ashenzari the Shackled
  2807 | D:4      | Found an opulent altar of Gozag.
  2849 | D:4      | Noticed Ijyb
  2851 | D:4      | Paralysed by Ijyb for 4 turns
  2858 | D:4      | Paralysed by Ijyb for 5 turns
  2865 | D:4      | Killed Ijyb
  2971 | D:4      | Found a glowing silver altar of Zin.
  2980 | D:4      | Identified the +4 scale mail of Apathy {*Slow rN+ Dex+4}
  2983 | D:4      | Noticed Menkaure
  2999 | D:4      | Killed Menkaure
  3175 | D:4      | Reached skill level 6 in Long Blades
  3393 | D:4      | Reached XP level 7. HP: 60/61 MP: 6/6
  3563 | D:5      | Entered Level 5 of the Dungeon
  3563 | D:5      | Found Sauhis's Jewellery Emporium.
  3572 | D:5      | Reached skill level 1 in Dodging
  3572 | D:5      | Reached skill level 1 in Stealth
  3682 | D:5      | Found a white marble altar of Elyvilon.
  3695 | Abyss:1  | Cast into level 1 of the Abyss (orc)
  3720 | Abyss:1  | Noticed a large abomination
  3732 | Abyss:1  | Killed a large abomination
  3733 | Abyss:1  | Reached skill level 7 in Long Blades
  3733 | Abyss:1  | Reached skill level 5 in Shields
  3734 | Abyss:1  | Noticed a sixfirhy
  3741 | D:5      | Escaped the Abyss
  3749 | D:5      | Reached XP level 8. HP: 37/70 MP: 7/7
  4154 | D:5      | Reached * piety under Ashenzari
  4165 | D:5      | Reached skill level 8 in Long Blades
  5017 | D:6      | Reached skill level 1 in Evocations
  5092 | D:6      | Found a staircase to the Ecumenical Temple.
  5124 | D:6      | Reached ** piety under Ashenzari
  5244 | D:6      | Found a radiant altar of Vehumet.
  5942 | D:7      | Reached skill level 9 in Long Blades
  6387 | D:7      | Noticed Pikel
  6390 | D:7      | Noticed Duvessa
  6392 | D:7      | Noticed Dowan
  6392 | D:7      | Paralysed by Pikel for 3 turns
  6402 | D:7      | Killed Pikel
  6403 | D:7      | Reached XP level 9. HP: 73/79 MP: 8/8
  7045 | D:7      | Slain by Duvessa

Illustrated notes

Levels and vault maps discovered:
D:1:      beargit_arrival_diablo_church, layout_basic, serial_shops, shop, shop,
          amethyst_killhole
D:2:      layout_rooms, serial_shops, nicolae_square_shop,
          nicolae_shop_hallway_plus, nicolae_shop_bloodbath_and_beyond, shop,
          shop
D:3:      layout_basic, nemelex_diamond_rough_becter, uniq_crazy_yiuf_cottage
D:4:      layout_loops_ring, old_standard_altar, minitemple, uniq_menkaure,
          uniq_ijyb
D:5:      layout_rooms, lemuel_round_altar, serial_shops, shop,
          minmay_increasing_density
D:6:      minmay_klotski, layout_basic, vehumet_statue,
          minmay_temple_entry_proselytizer
D:7:      minmay_inner_zag, layout_basic, kennysheep_mini, serial_shops,
          nicolae_inconvenience_store, kb_rosetta, uniq_duvessa, uniq_pikel

Skill      XL: |  1  2  3  4  5  6  7  8 |
---------------+-------------------------+-----
Fighting       | 4 5 7 |  7.2
Armour         | 4 5 6 7 |  7.9
Shields        | 4 5 |  5.9
Long Blades    | 3 5 6 7 9 |  9.4
Dodging        | 1 |  1.8
Stealth        | 1 2 |  2.7
Evocations     | 1 |  1.1

Action                   |  1- 3 |  4- 6 |  7- 9 || total
-------------------------+-------+-------+-------++-------
Melee: Long sword        |    74 |   105 |   179 ||   358
       Headbutt          |    14 |    14 |    33 ||    61
Invok: Curse Item        |       |     1 |     2 ||     3
Evoke: Wand              |       |     2 |     6 ||     8
  Use: Scroll            |       |     8 |     3 ||    11
       Potion            |       |       |     6 ||     6
 Stab: Paralysed         |       |     4 |     4 ||     8
Armor: Scale mail        |    20 |       |       ||    20
       Plate armour      |     8 |    67 |   149 ||   224
Dodge: Dodged            |    40 |    65 |   134 ||   239
Block: Buckler           |    18 |    16 |    70 ||   104
